Cogmind - Beta 14 @@@ ROGUE MODE // 2024.08.31 @ 18:50:43 Player: Evel Wyn Result: Destroyed by L-31 Rogue with Katana Performance ------------- Evolutions (1) 500 Regions Visited (2) 400 Robots Destroyed (53) 265 Value Destroyed (1503) 1503 Prototype IDs (0) 0 Alien Tech Used (0) 0 Bonus (8) 8 TOTAL SCORE: 2676 Bonus ------- High Alert Combat Kills 8 Cogmind --------- Core Integrity 0/400 Matter 300/300 Energy 100/100 System Corruption 2% Temperature Cool (0) Movement Core (400) Ox7 Location -9/Materials Parts ------- > --- POWER (1) -------- (None) > --- PROPULSION (2) --- (None) > --- UTILITY (4) ------ Large Storage Unit Core Shielding Power Shielding > --- WEAPON (2) ------- (None) > --- INVENTORY (15) --- Light Deuterium Engine Light Treads Light Treads Improved Treads Heat Sink Large Storage Unit Large Storage Unit Huge Storage Unit Hardened Light Armor Plating Hardened Light Armor Plating Hacking Suite Heavy EM Pulse Gun Heavy EM Pulse Gun EM Shotgun Beam Rifle Peak State ------------ > --- POWER ------------ Light Deuterium Engine > --- PROPULSION ------- Improved Treads Improved Treads > --- UTILITY ---------- Large Storage Unit Core Shielding Power Shielding Hardened Light Armor Plating > --- WEAPON ----------- Heavy EM Pulse Gun Beam Rifle > --- INVENTORY -------- Light Deuterium Engine Light Treads Light Treads Light Treads Heat Sink Large Storage Unit Large Storage Unit Huge Storage Unit Light Armor Plating Hardened Light Armor Plating Hacking Suite Heavy EM Pulse Gun Heavy EM Pulse Gun EM Shotgun Beam Rifle [Rating: 18] Favorites ----------- Power Light Deuterium Engine Engine Light Deuterium Engine Power Core Light Nuclear Core Propulsion Light Treads Treads Light Treads Leg Aluminum Leg Utility Power Shielding Storage Small Storage Unit Protection Power Shielding Weapon Shotgun Energy Gun Beam Rifle Ballistic Gun Shotgun Launcher Grenade Launcher Impact Weapon Flail Build | -11 -10 -9 ------- Run | Yrd Mat Mat Slots Evolved 2 | . . 2 Power . | . . . Propulsion . | . . . Utility 2 | . . 2 Weapon . | . . . Parts Attached 50 | 5 15 30 Power 6 | 1 1 4 Engine 5 | 1 . 4 Core 1 | . 1 . Reactor . | . . . Propulsion 15 | 2 4 9 Treads 13 | 2 2 9 Leg 2 | . 2 . Wheel . | . . . Hover . | . . . Flight . | . . . Utility 19 | 1 5 13 Device . | . . . Storage 5 | 1 2 2 Processor . | . . . Hackware . | . . . Protection 14 | . 3 11 Artifact . | . . . Weapon 10 | 1 5 4 Energy Gun 4 | . 2 2 Energy Cannon . | . . . Ballistic Gun 4 | 1 2 1 Ballistic Cannon . | . . . Launcher 1 | . 1 . Special Weapon . | . . . Impact Weapon 1 | . . 1 Slashing Weapon . | . . . Piercing Weapon . | . . . Special Melee Weapon . | . . . Unidentified Prototypes . | . . . Parts Lost 20 | . 2 18 Power 2 | . . 2 Propulsion 5 | . . 5 Utility 8 | . 2 6 Weapon 5 | . . 5 Highest Loss Streak 4 | . 1 4 To Critical Strikes . | . . . Average Slot Usage (%) 95 | . 99 94 Engine 11 | . 13 10 Treads 22 | . 26 21 Storage 11 | . 14 11 Protection 25 | . 13 30 Energy Gun 8 | . . 11 Ballistic Gun 9 | . 23 4 Launcher 2 | . 3 2 Impact Weapon 1 | . . 1 Peak Build Rating 18 | 5 11 18 Average Rating 13 | 4 10 15 On Entrance 5 | . 5 11 Naked Turns . | . . . Heaviest Build 38 | 12 23 38 Greatest Support 46 | 40 40 46 Greatest Overweight (x) 9 | . 1 9 Average Overweight (x) . | . . . Largest Inventory Capacity 25 | 8 25 15 Average Capacity 10 | 7 8 11 Most Carried 15 | 7 9 15 Average Carried 9 | 4 7 10 Final Capacity 15 | 8 8 15 Final Carried 15 | 7 7 15 Class Distribution -------------------- 96% | Mutant 3% | Scavenger-Mutant Dominant Class ---------------- Mutant | -10/Materials Mutant | -9/Materials Resources | -11 -10 -9 ----------- Run | Yrd Mat Mat Matter Collected 1248 | 250 391 607 Remotely . | . . . Salvage Created 1700 | . 501 1199 Parts 106 | . 28 78 Haulers Intercepted 1 | . 1 . Recyclers Shooed 1 | . . 1 Parts Field Recycled . | . . . Retrieved Matter . | . . . Parts Self-Destructed . | . . . Prevented . | . . . Kills | -11 -10 -9 ------- Run | Yrd Mat Mat Combat Hostiles Destroyed 42 | . 13 29 Melee 2 | . . 2 Guns 31 | . 11 20 AOE 6 | . 2 4 Classes Destroyed 10 | . 3 7 Worker 2 | . 1 1 Builder 1 | . . 1 Tunneler 2 | . . 2 Hauler 1 | . 1 . Recycler 2 | . . 2 Watcher 3 | . . 3 Swarmer 8 | . . 8 Grunt 24 | . 13 11 Duelist 1 | . . 1 Sentry 9 | . . 9 Best Kill Streak 8 | . 3 8 Combat Bots Only 7 | . 2 7 Max Kills in Single Turn 2 | . 2 2 Gunslinging . | . . . Exploded 2 | . 2 2 Melee 1 | . . 1 Uniques/NPCs Destroyed . | . . . Combat | -11 -10 -9 -------- Run | Yrd Mat Mat Hostile Shots Fired 379 | . 75 304 Missed 110 | . 30 80 Damage Taken 3684 | . 674 3010 Core 455 | . 35 420 Absorbed by Shields . | . . . Redirected to Shielding 161 | . . 161 Regen/Repaired (Parts) 229 | . . 229 Core Remaining (%) 93 | 100 86 . Volleys Fired 120 | . 48 72 Largest 2 | . 2 2 Hottest 101 | . 53 101 Shots Fired 189 | . 75 114 Gun 180 | . 72 108 Cannon . | . . . Launcher 9 | . 3 6 Special . | . . . Kinetic 123 | . 72 51 Thermal 31 | . . 31 Explosive 9 | . 3 6 Electromagnetic 26 | . . 26 Robot Hit Streak 16 | . 12 16 Robot Miss Streak 6 | . 5 6 Penetration Max . | . . . Secondary Targets 4 | . 1 3 Max Gunslinging Chain 1 | . 1 1 Shots Hit Robots 153 | . 58 95 Core Hits 89 | . 33 56 Critical Kills . | . . . Critical Parts Destroyed 7 | . 1 6 Critical Strikes 9 | . 1 8 Burn 2 | . . 2 Destroy 1 | . 1 . Smash 6 | . . 6 Melee Attacks 21 | . . 21 Impact 21 | . . 21 Slashing . | . . . Piercing . | . . . Sneak Attacks 2 | . . 2 Combat Hostiles . | . . . Follow-up Attacks . | . . . Damage Inflicted 3148 | . 1163 1985 Guns 2070 | . 904 1166 Cannons . | . . . Explosions 467 | . 259 208 Melee 602 | . . 602 Ramming 9 | . . 9 Kinetic 1565 | . 904 661 Thermal 245 | . . 245 Explosive 467 | . 259 208 Electromagnetic 260 | . . 260 Impact 602 | . . 602 Slashing . | . . . Piercing . | . . . Highest Corruption 2 | . 1 2 Average Corruption 1 | . 1 2 Corruption Purged . | . . . Corruption Blocked . | . . . Effects 8 | . 3 5 Message Errors 3 | . 1 2 Matter Fused 2 | . 1 1 Energy Discharges 1 | . . 1 Data Loss (minor) 1 | . 1 . Misfires 1 | . . 1 Overload Shots . | . . . Overflow Damage 286 | . . 286 Projectiles . | . . . Explosions . | . . . Melee 286 | . . 286 Knockbacks . | . . . Impact . | . . . Kinetic . | . . . Secondary . | . . . Self-Inflicted Damage 76 | . 39 37 Shots 2 | . 1 1 Rammed 6 | . . 6 Targets Rammed 6 | . . 6 Kicked . | . . . Crushed . | . . . Highest Temperature 224 | . 30 224 Average Temperature 58 | . 9 71 Received Heat Transfer 1419 | . 336 1083 Siege Activations . | . . . Robots Corrupted 4 | . . 4 Combat Hostiles 3 | . . 3 Parts Fried 7 | . . 7 Impact Corruptions 10 | . . 10 Robots Melted . | . . . Combat Hostiles . | . . . Parts Melted 1 | . . 1 Heat Transferred 777 | . . 777 Parts Sabotaged . | . . . Parts Stolen . | . . . Parts Stripped . | . . . Power Chain Reactions . | . . . Alert | -11 -10 -9 ------- Run | Yrd Mat Mat Peak Influence 483 | . 321 483 Initial 86 | . . 86 Average 229 | . 113 286 Maximum Alert Level 2 | . 1 2 Low Security (%) 35 | 100 77 16 Level 1 55 | . 22 71 Level 2 8 | . . 12 Level 3 . | . . . Level 4 . | . . . Level 5 . | . . . High Security . | . . . Max Security . | . . . Squads Dispatched 10 | . 5 5 Investigation 4 | . 2 2 Extermination . | . . . Reinforcement 4 | . 3 1 Assault 2 | . . 2 Garrison . | . . . Intercept . | . . . Searches Triggered . | . . . Construction Impeded . | . . . Haulers Reinforced . | . . . Active Scanning Responses . | . . . Cargo Convoy Interrupts . | . . . Stealth | -11 -10 -9 --------- Run | Yrd Mat Mat Distress Signals 3 | . 2 1 Communications Jammed . | . . . Distress Signals . | . . . Times Spotted 77 | . 25 52 Peak Tracking Total 9 | . 4 9 Tactical Retreats 4 | . 2 2 Traps | -11 -10 -9 ------- Run | Yrd Mat Mat Traps Triggered 4 | . 2 2 Indirectly . | . . . Trap Hack Attempts . | . . . Triggered . | . . . Disarmed . | . . . Reprogrammed . | . . . Reused . | . . . Traps Extracted . | . . . Installed . | . . . Triggered . | . . . Machines | -11 -10 -9 ---------- Run | Yrd Mat Mat Machines Disabled 2 | . 1 1 Max in Single Turn 1 | . 1 1 Machines Repaired . | . . . Machines Dismantled . | . . . Machines Sabotaged . | . . . Overloaded Fab Kills . | . . . Hacking | -11 -10 -9 --------- Run | Yrd Mat Mat Machines Accessed 16 | . 5 11 Terminals 12 | . 4 8 Fabricators . | . . . Repair Stations 1 | . . 1 Recycling Units 3 | . 1 2 Scanalyzers . | . . . Garrison Access . | . . . Total Hacks 46 | . 15 31 Successful 31 | . 7 24 Failed 15 | . 8 7 Catastrophic 3 | . 3 . Database Lockouts . | . . . Manual 39 | . 14 25 Terminals 30 | . 12 18 Fabricators . | . . . Repair Stations 6 | . . 6 Recycling Units 10 | . 3 7 Scanalyzers . | . . . Garrison Access . | . . . Terminal Hacks 3 | . 3 . Robot Analysis 1 | . 1 . Branch Access Points 1 | . 1 . Emergency Access Points 1 | . 1 . Fabricator Hacks . | . . . Repair Station Hacks 6 | . . 6 Scan Component 3 | . . 3 Repair 3 | . . 3 Recycling Unit Hacks . | . . . Scanalyzer . | . . . Garrison Access Hacks . | . . . Unauthorized Hacks 22 | . 4 18 Terminals 16 | . 2 14 Assimilate 9 | . 1 8 Botnet 7 | . 1 6 Fabricators . | . . . Repair Stations . | . . . Recycling Units 6 | . 2 4 Reject 3 | . 1 2 Mask 3 | . 1 2 Scanalyzers . | . . . Garrison Access . | . . . Data Cores Recovered . | . . . Used . | . . . Hacking Detections 13 | . 5 8 Full Trace Events 6 | . 5 1 Feedback Events . | . . . Feedback Blocked . | . . . Robot Schematics Acquired . | . . . Robots Built . | . . . Authchips . | . . . Time . | . . . Total Robot Build Rating . | . . . Part Schematics Acquired . | . . . Parts Built . | . . . Authchips . | . . . Time . | . . . Total Part Build Rating . | . . . Parts Repaired 3 | . . 3 Time 84 | . . 84 Parts Recycled . | . . . Recycled Matter . | . . . Retrieved Matter . | . . . Retrieved Components . | . . . Parts Scanalyzed . | . . . Part Schematics Acquired . | . . . Parts Damaged . | . . . Bothacking | -11 -10 -9 ------------ Run | Yrd Mat Mat Used RIF Installer . | . . . Robots Hacked . | . . . Non-combat . | . . . Combat . | . . . Robot Hacks Applied . | . . . Relay Couplers Released . | . . . Fabnet Peak Effective % . | . . . Robots Rewired . | . . . Allies Hacked . | . . . Hacks Repelled . | . . . Allies | -11 -10 -9 -------- Run | Yrd Mat Mat Total Allies 1 | . . 1 Largest Group 1 | . . 1 Highest-Rated Group 10 | . . 10 Highest-Rated Ally 10 | . . 10 Total Orders . | . . . Ally Attacks . | . . . Total Damage . | . . . Kills . | . . . Allies Corrupted . | . . . Allies Melted . | . . . Intel | -11 -10 -9 ------- Run | Yrd Mat Mat Robot Analysis Total 1 | . 1 . Derelict Logs Recovered . | . . . Drone Launches . | . . . Drone Recoveries . | . . . Exploration | -11 -10 -9 ------------- Run | Yrd Mat Mat Turns Passed 3108 | 99 859 2150 Spaces Moved 1549 | 56 420 1073 Core 8 | 5 . 3 Treads 1519 | 51 398 1070 Legs 22 | . 22 . Wheels . | . . . Hover . | . . . Flight . | . . . Fastest Speed 50 | 50 120 160 Average Speed 160 | 150 158 161 Slowest Speed 500 | 160 190 500 Overloaded Moves . | . . . Propulsion Burnouts . | . . . Robots Hopped . | . . . Cave-ins Triggered . | . . . Exploration Rate (%) 47 | 4 67 70 Regions Visited 2 Branch Regions . Pre-discovered Areas . | . . . Known Exits Taken . | . . . Unknown Exits Taken 2 | 1 1 . Scrap Searched . | . . . Spaces Dug . | . . . Terrain Destroyed 66 | . 22 44 Melee . | . . . Projectile . | . . . AOE 66 | . 22 44 Terrain Rammed . | . . . Walls Destroyed . | . . . Machines Disabled . | . . . Actions | -11 -10 -9 --------- Run | Yrd Mat Mat Total 1940 | 69 540 1331 Wait 133 | 2 32 99 Move 1547 | 55 419 1073 Hop . | . . . Pick Up 40 | 7 13 20 Fast Attach 17 | 5 3 9 Attach 12 | . 3 9 Detach . | . . . Swap 21 | . 9 12 Drop 23 | . 13 10 Fire 120 | . 48 72 Melee 21 | . . 21 Ram 2 | . . 2 Kick . | . . . Crush 4 | . . 4 Escape Stasis . | . . . Rewire . | . . . Trap . | . . . Miscellaneous . | . . . Route ------- -11/Scrapyard -10/Materials (discovered 5 exits: *Mat x3 / Min / [*Sub]) -9/Materials (discovered 2 exits: [*Mat] / [*Min]) History --------- Turn | Location | Event 15 | -11/Scrapyard | Discovered new exit (range 16) 100 | -11/Scrapyard | Entered Materials 304 | -10/Materials | Build established: Mutant 494 | -10/Materials | Discovered new exit (range 13) 553 | -10/Materials | Discovered new exit (range 13) 739 | -10/Materials | Identified exit to Mines 743 | -10/Materials | Discovered new exit (range 3) 934 | -10/Materials | Discovered new exit (range 16) 959 | -10/Materials | Entered another Materials area 959 | -9/Materials | Evolved 2 slots: Utility x2 1424 | -9/Materials | Destroyed 7 combat bots 1613 | -9/Materials | Lost 3 parts (2u1w) 1815 | -9/Materials | Discovered new exit (range 14) 1893 | -9/Materials | Lost 3 parts (1p1n1u) 1932 | -9/Materials | Core integrity fell below 50% 2052 | -9/Materials | Repaired Imp. Treads 2084 | -9/Materials | Repaired Power Shielding 2111 | -9/Materials | Repaired Core Shielding 2672 | -9/Materials | Discovered new exit (range 16) 2959 | -9/Materials | First assault squad dispatched 3045 | -9/Materials | Core integrity fell below 20% 3109 | -9/Materials | Destroyed by L-31 Rogue with Katana Last Messages --------------- 03032_ G-47 Trooper unfolds itself. 03032_ L-31 Rogue unfolds itself. 03032_ G-34 Mercenary unfolds itself. 03032_ B-36 Bruiser unfolds itself. 03032_ M-13 Machinist unfolds itself. 03042_ Hvy. EM Pulse Gun destroyed. 03060_ I =I HTXXIXNXZLIACPJA& 03084_ Imp. Treads severed. 03085_ R-06 Scavenger collects Imp. Treads. 03091_ Slammed into L-31 Rogue. 03096_ Slammed into G-34 Mercenary. 03097_ Hrd. Light Armor Plating destroyed. 03098_ Slammed into G-34 Mercenary. 03100_ Imp. Treads destroyed. 03101_ Slammed into G-34 Mercenary. 03101_ Destabilizing: System interference. 03101_ Beam Rifle temporarily disabled. 03102_ Lgt. Deuterium Engine destroyed. 03106_ Slammed into G-34 Mercenary. 03106_ Beam Rifle destroyed. Map ----- +----------------------------------------------------+ | ######! !#??# ##### # #? | | # #??# ## # #? | | # ##?# ##### ## # #? | | # #?# #???##+### # #? | | # #### ##????????# # #? | | "" # %#?????????+ # #? | | "" + T #?????????# # #? | | "" # % #?????????# ####+######? | | # " #### #?????????# ###### | | "" # "%" #??# #?????????# + | | "" ### "%###??# #?????????# # | | "" #?# "#???? ?????#####+#####+## # | | #?# #??# #????# # # | | ######?# #??# ###### """ """ # # | | #??????# #??# + """ """ # # | | #????# #??# ### ## """ """ # + | | ##### ##?# #?# ## # # | | ?? # #??? ! #?# ############### ###### | | ?###+## "" #???##/####?# #??????????#""" #???? | | ?# % T #????? "????#%#??????????#" #???? | | ?# #### #????? ?????# #??????????#"| #???? | | ?# #??# #???????????# #??????????#"" < #???? | | ?# #??### ###???????????#%#??###?????#"| #???? | | ?# #????# #?????????????#%#### ####??#" #???? | | ?# #????#%#?????????????#l# #??#""" #???? | | ?# #????# #?????????????#@# #??#### % ##???? | | ?#=#??### ###############g# #?????#% #????? | | ##+#### / # """ #?????# ###### | | =% ## m# """ #?????# ## | | " ! ## / + """ #????##%=%## "" | | " ## # ###### === # "" | | " ## ## """ + # "" | | ## """"" """"" ## """ # % + | | " ## """"" """"" ## """ # % # | | " ## """"" """"" ## # # | | " ## ########## ###### | | ## + # #?# | | #/##### """"" # """# % ####### | | ### """"" # """# # | | """"" # """###### # """"" | | + # # # """"" | | "T" #" """# + # """"" | | ##########+##### ###T """# # + """"" | | ##?????# /# #?#" """# # # """"" | | #??????# """ # #?# # # # | | #??????# """"" # #?########## # # | | #??????# """"" # #??????????# + ####### | | #??????# """"" # #??????????# ### #?????? | | #??????# """ # #??????????# #?# ####### | | #??????# # #??????????######?# | +----------------------------------------------------+ Best States ------------- Heat Dissipation 28 Energy Generation 14 Energy Capacity 250 Matter Stores 300 Matter Capacity 300 Sight Range 16 Terrain Scan Density 10 Armor Coverage 375 Core Shielding 20 Power Shielding 33 Propulsion Shielding 33 Evasion (%) 55 Recoil Reduction 2 Item Schematics ----------------- None Robot Schematics ------------------ None Fabricated ------------ Nothing Alien Tech Used ----------------- None Achievements -------------- Let's See Who's Tougher Challenges ------------ None Game ------ Seed RelaySuperdenseBoregun Manual? 0 Play Time 00:35:55 Cumulative 13.0 hours Start 2024.08.31 @ 18:18:47 End 2024.08.31 @ 18:50:43 Sessions 1 Manual Loads 0 Difficulty Rogue Special Mode None Game No. 11 Rogue 11 Adventurer 0 Explorer 0 Win Type - Total 0 Types 0/0/0/0/0/0/0/0/0 Lore% 13 Gallery% 16 Achievement% 16 Wizard Run 0 Options --------- Layout 1 ASCII 0 Keyboard 0 Movement Numpad Keybinds 0 Fullscreen 2 Font 48/Tamsyn Map View 50x35 Zoom Use 0% Tactical HUD 1 Map Filters NONE Filters NONE Steam 1 RUN: 013ec2fd-a42f-4b5f-ad1e-e8ef5d826ec5